 Dungeon Crawl Stone Soup version 0.18-a0-19-g8b99b3a (webtiles) character file.

520 tp1 the Conjurer (level 7, -1/36 HPs)
             Began as a Deep Elf Fire Elementalist on Nov 1, 2015.
             Killed from afar by an orc wizard (6 damage)
             ... with a magic dart
             ... on level 3 of the Dungeon.
             The game lasted 00:22:52 (5891 turns).

tp1 the Conjurer (Deep Elf Fire Elementalist)       Turns: 5891, Time: 00:22:54

Health: -1/36      AC:  2    Str:  5    XL:     7   Next: 1%
Magic:  7/16       EV: 13    Int: 22    God:
Gold:   132        SH:  0    Dex: 15    Spells: 4 memorised, 4 levels left

rFire  . . .     SeeInvis .     h - +0 war axe (vamp)
rCold  . . .     Clarity  .     a - +0 robe
rNeg   . . .     SustAt   .     (no shield)
rPois  +         Gourm    .     (no helmet)
rElec  .         Spirit   .     (no cloak)
rCorr  .         Warding  .     (no gloves)
rMut   .         Stasis   .     (no boots)
MR     .....                    (no amulet)
Stlth  ++........               m - ring of poison resistance
                                i - +2 ring of slaying

@: not resistant to hostile enchantments, unstealthy
A: no striking features
a: no special abilities


You were on level 3 of the Dungeon.
You were not hungry.

You visited 1 branch of the dungeon, and saw 4 of its levels.

You collected 132 gold pieces.

Inventory:

Hand Weapons
 h - a +0 vampiric war axe (weapon)
 p - a +0 short sword
 w - a -1 whip
Armour
 a - a +0 robe (worn)
Jewellery
 i - a +2 ring of slaying (left hand)
 m - a ring of poison resistance (right hand)
Wands
 q - a wand of frost (9)
Scrolls
 d - 3 scrolls of identify
 f - a scroll of enchant armour
 j - a scroll of noise
 k - 2 scrolls of remove curse
 l - 2 scrolls of random uselessness {unknown}
 n - 2 scrolls of amnesia {unknown}
 o - a scroll of immolation {unknown}
 r - 4 scrolls of magic mapping {unknown}
 y - 3 scrolls of teleportation {unknown}
Potions
 e - 2 potions of flight
 g - a potion of lignification {unknown}
 u - a potion of curing
Books
 b - a book of Flames

   Spells                             Type                      Level
   a - Flame Tongue                   Conjuration/Fire             1
   b - Throw Flame                    Conjuration/Fire             2
   c - Conjure Flame                  Conjuration/Fire             3
   d - Inner Flame                    Hexes/Fire                   3
   e - Sticky Flame                   Conjuration/Fire             4
   f - Fireball                       Conjuration/Fire             5
Comestibles
 c - 2 bread rations
 s - a slice of pizza
 t - 5 meat rations
 x - a beef jerky


   Skills:
 - Level 2.4 Dodging
 - Level 2.4 Stealth
 - Level 5.1 Spellcasting
 - Level 7.1 Conjurations
 + Level 3.7 Fire Magic


You had 4 spell levels left.
You knew the following spells:

 Your Spells              Type           Power        Failure   Level  Hunger
a - Flame Tongue          Conj/Fire      ####.        1%          1    None
b - Conjure Flame         Conj/Fire      ####....     3%          3    ##.....
c - Inner Flame           Hex/Fire       ##......     14%         3    ##.....
d - Fireball              Conj/Fire      ####......   34%         5    #####..


Dungeon Overview and Level Annotations

Branches:
Dungeon (4/15)
 Temple: D:4-7

Altars:
Ashenzari
Nemelex Xobeh
Trog

Annotations:
D:3 Robin


Message History

Casting: Flame Tongue
Confirm with . or Enter, or press ? or * to list all spells.
Aiming: Flame Tongue
Press: ? - help, Shift-Dir - straight line, f/p - orc priest
Aim: an orc priest, wielding a hand axe and wearing a leather armour (heavily wounded, inner flame)
Okay, then.
You hear a shout! x2
Casting: Flame Tongue
Confirm with . or Enter, or press ? or * to list all spells.
Aiming: Flame Tongue
Press: ? - help, Shift-Dir - straight line, f/p - orc priest
Aim: an orc priest, wielding a hand axe and wearing a leather armour (heavily wounded, inner flame)
The flame tongue hits the orc priest.
The orc priest is almost dead.
The orc priest mumbles some strange prayers to Beogh against you.
Pain shoots through your body!
* * * LOW HITPOINT WARNING * * *
The orc wizard points at you and mumbles some strange words.
The magic dart hits you!
You die...

###### #....o #.####
########.# #.....[..#
##.######.#
..##########)#.# #.####
........@§o.###.####.....
..###.####o$.#...........
# #.>........####)
##....#.##.###.. #....#
##.##.#. .....# #.#.##.
#.(..# #...... ..Ko.#
###.##. #....# ##.#.


You could see an orc priest (inner flame) and an orc wizard.

Vanquished Creatures
  An ogre (D:4)
  A scorpion (D:4)
  3 orc priests (D:3)
  Ijyb (D:3)
  7 gnolls
  8 adders
  3 oozes (D:2)
  A worm (D:3)
  3 giant geckos
  11 orcs
  3 ball pythons (D:1)
  3 bats
  2 giant cockroaches (D:4)
  19 goblins
  9 hobgoblins
  6 kobolds
  6 giant newts
  9 jackals
  A quokka (D:4)
  A quokka skeleton (D:4)
  7 rats
105 creatures vanquished.

Notes
Turn   | Place    | Note
--------------------------------------------------------------
     0 | D:1      | tp1 the Deep Elf Fire Elementalist began the quest for the Orb.
     0 | D:1      | Reached XP level 1. HP: 10/10 MP: 6/6
   408 | D:1      | Reached XP level 2. HP: 15/15 MP: 2/8
  1371 | D:1      | Reached XP level 3. HP: 17/19 MP: 4/9
  1376 | D:1      | Learned a level 3 spell: Conjure Flame
  1380 | D:1      | Learned a level 3 spell: Inner Flame
  1679 | D:2      | Reached skill level 4 in Spellcasting
  2211 | D:2      | Reached XP level 4. HP: 24/24 MP: 10/12
  2214 | D:2      | Found a sparkling altar of Nemelex Xobeh.
  2512 | D:2      | Found a sparkling altar of Nemelex Xobeh.
  2518 | D:2      | Reached skill level 5 in Spellcasting
  3449 | D:3      | Noticed Robin
  3710 | D:4      | Noticed an ogre
  3730 | D:4      | Killed an ogre
  3730 | D:4      | Reached XP level 5. HP: 23/28 MP: 4/14
  3832 | D:4      | Reached skill level 5 in Conjurations
  4125 | D:4      | Reached XP level 6. HP: 32/32 MP: 9/15
  4132 | D:4      | Learned a level 5 spell: Fireball
  4632 | D:4      | Found a bloodstained altar of Trog.
  4980 | D:3      | Reached skill level 6 in Conjurations
  5131 | D:3      | Noticed Ijyb
  5136 | D:3      | Killed Ijyb
  5314 | D:3      | Found a shattered altar of Ashenzari.
  5386 | D:3      | Reached skill level 7 in Conjurations
  5879 | D:3      | Reached XP level 7. HP: 36/36 MP: 13/16
  5891 | D:3      | Killed from afar by an orc wizard

Vault maps used:
D:1:      minmay_arrival_semitransparent
D:2:      grunt_ministairs_12, nemelex_dance_club_becter
D:3:      nicolae_overflow_crystal_walls, uniq_iyjb, uniq_robin
D:4:      lightli_temple_of_fire, first_bread, bh_walls_and_bars

Action                   |  1- 3 |  4- 6 |  7- 9 || total
-------------------------+-------+-------+-------++-------
Melee: Unarmed           |     4 |     6 |       ||    10
       Whip              |       |     3 |       ||     3
 Cast: Flame Tongue      |    85 |   122 |     3 ||   210
       Conjure Flame     |       |    12 |     1 ||    13
       Inner Flame       |       |     9 |     1 ||    10
  Use: Scroll            |       |     4 |       ||     4
       Potion            |       |     4 |       ||     4
  Eat: Chunk             |     4 |    12 |       ||    16
       Bread ration      |       |     1 |       ||     1
